ITL
WABA DUCKS @ INDIANA HOUNDS
08/29/2029
 
TOP OF THE 1ST
Waba Ducks batting - Pitching for Indiana Hounds : RHP Alvin Heath
Pitching: RHP Alvin Heath
Batting: RHB Tomás Díaz 0-0: Called Strike
0-1: Ball
1-1: Foul Ball, location: 2F
1-2: Strikes out swinging
Batting: RHB Jeremy Flemming 0-0: Called Strike
0-1: Called Strike
0-2: Strikes out swinging
Batting: RHB Paul Spencer 0-0: Called Strike
0-1: Ball
1-1: Called Strike
1-2: Foul Ball, location: 2F
1-2: Foul Ball, location: 2F
1-2: Strikes out swinging
Top of the 1st over - 0 runs, 0 hits, 0 errors, 0 left on base; Waba 0 - Indiana 0
BOTTOM OF THE 1ST
Indiana Hounds batting - Pitching for Waba Ducks : LHP Tom Miller
Pitching: LHP Tom Miller
Batting: RHB Remi Eruzione 0-0: Ball
1-0: Called Strike
1-1: Ball
2-1: Ball
3-1: Base on Balls
Batting: RHB Anastasio Movonda 0-0: Foul Ball, location: 2F
0-1: Foul Ball, location: 2F
0-2: Foul Ball, location: 2F
0-2: Foul Ball, location: 2F
0-2: Strikes out swinging
Batting: RHB Jeff Jones 0-0: Ball
1-0: Called Strike
1-1: Foul Ball, location: 2F
1-2: Strikes out swinging
Batting: LHB Jim Clemente 0-0: Called Strike
0-1: Called Strike
0-2: Ball
Remi Eruzione steals 2nd base
1-2: Ball
2-2: Ball
3-2: Foul Ball, location: 2F
3-2: Base on Balls
Batting: RHB Roberto Cardona 0-0: Ball
1-0: Called Strike
1-1: Ball
2-1: Ground out 5-3 (Groundball, 56S)
Bottom of the 1st over - 0 runs, 0 hits, 0 errors, 2 left on base; Waba 0 - Indiana 0
TOP OF THE 2ND
Waba Ducks batting - Pitching for Indiana Hounds : RHP Alvin Heath
Batting: LHB Javier Orozco 0-0: Ball
1-0: Ground out U3 (Groundball, 3)
Batting: RHB Ángelo García 0-0: Ball
1-0: Ground out 6-3 (Groundball, 6)
Batting: LHB Fernando Cruz 0-0: Ball
1-0: Called Strike
1-1: Ball
2-1: Ground out 6-3 (Groundball, 6M)
Top of the 2nd over - 0 runs, 0 hits, 0 errors, 0 left on base; Waba 0 - Indiana 0
BOTTOM OF THE 2ND
Indiana Hounds batting - Pitching for Waba Ducks : LHP Tom Miller
Batting: RHB Víctor Márquez 0-0: Called Strike
0-1: Ball
1-1: Ball
2-1: Ball
3-1: Base on Balls
Batting: RHB Jessie Thompson 0-0: Swinging Strike
0-1: Ball
1-1: Ball
2-1: Swinging Strike
2-2: SINGLE (Line Drive, 34D)
Víctor Márquez to second
Runner from 2nd tries for 3rd, SAFE, no throw
Batting: RHB Bob Lazzeri 0-0: Foul Ball, location: 2F
0-1: Ball
1-1: 3-RUN HOME RUN (Flyball, 7LD), Distance : 330 ft
Batting: LHB Mario Álvarez 0-0: SINGLE (Line Drive, 34D)
Batting: RHB Remi Eruzione 0-0: Foul Ball, location: 2F
0-1: Ball
1-1: Ball
2-1: Foul Ball, location: 2F
2-2: Foul Ball, location: 2F
2-2: Grounds into double play, 5-4-3 (Groundball, 56)
Batting: RHB Anastasio Movonda 0-0: Fly out, F7 (Line Drive, 78D)
Bottom of the 2nd over - 3 runs, 3 hits, 0 errors, 0 left on base; Waba 0 - Indiana 3
TOP OF THE 3RD
Waba Ducks batting - Pitching for Indiana Hounds : RHP Alvin Heath
Batting: RHB Don Keating 0-0: Swinging Strike
0-1: Ball
1-1: SINGLE (Flyball, 7S)
Batting: LHB Daniel Carter 0-0: Ball
1-0: Called Strike
1-1: Ground out 4-3 (Groundball, 34D)
Don Keating to second
Batting: RHB Félix Quintero 0-0: Called Strike
0-1: Ball
1-1: Foul Ball, location: 2F
1-2: Foul Ball, location: 2F
1-2: SINGLE (Flyball, 8RS)
Don Keating to third
Runner from 3rd tries for Home, SAFE, throw made home
Félix Quintero to second
Batting: RHB Tomás Díaz 0-0: Called Strike
0-1: Ground out 5-3 (Groundball, 56)
Batting: RHB Jeremy Flemming 0-0: Called Strike
0-1: Called Strike
0-2: Ball
1-2: Ground out U3 (Groundball, 34)
Top of the 3rd over - 1 run, 2 hits, 0 errors, 1 left on base; Waba 1 - Indiana 3
BOTTOM OF THE 3RD
Indiana Hounds batting - Pitching for Waba Ducks : LHP Tom Miller
Batting: RHB Jeff Jones 0-0: Ball
1-0: Swinging Strike
1-1: Swinging Strike
1-2: Strikes out swinging
Batting: LHB Jim Clemente 0-0: Swinging Strike
0-1: Ball
1-1: Foul Ball, location: 2F
1-2: Foul Ball, location: 2F
1-2: Ball
2-2: Ball
3-2: Base on Balls
Batting: RHB Roberto Cardona 0-0: Ball
Balk!
Jim Clemente to second
1-0: Ball
2-0: Called Strike
2-1: SINGLE (Groundball, 56S) (infield hit)
Jim Clemente to third
Batting: RHB Víctor Márquez 0-0: Ball
1-0: Swinging Strike
1-1: Called Strike
1-2: Foul Ball, location: 2F
1-2: Foul Ball, location: 2F
1-2: Ball
2-2: Fly out, F6 (Popup, 6MS)
Batting: RHB Jessie Thompson 0-0: Called Strike
0-1: Swinging Strike
0-2: Foul Ball, location: 2F
0-2: Ball
1-2: Fly out, F9 (Flyball, 9)
Bottom of the 3rd over - 0 runs, 1 hit, 0 errors, 2 left on base; Waba 1 - Indiana 3
TOP OF THE 4TH
Waba Ducks batting - Pitching for Indiana Hounds : RHP Alvin Heath
Batting: RHB Paul Spencer 0-0: Swinging Strike
0-1: Called Strike
0-2: Ball
1-2: Ball
2-2: Ball
3-2: Strikes out swinging
Batting: LHB Javier Orozco 0-0: Fly out, F9 (Flyball, 9)
Batting: RHB Ángelo García 0-0: Called Strike
0-1: Ball
1-1: Swinging Strike
1-2: Ball
2-2: Strikes out swinging
Top of the 4th over - 0 runs, 0 hits, 0 errors, 0 left on base; Waba 1 - Indiana 3
BOTTOM OF THE 4TH
Indiana Hounds batting - Pitching for Waba Ducks : LHP Tom Miller
Batting: RHB Bob Lazzeri 0-0: Called Strike
0-1: SINGLE (Line Drive, 7LS)
Batting: LHB Mario Álvarez 0-0: Foul Ball, location: 2F
0-1: Called Strike
0-2: Strikes out swinging
Batting: RHB Remi Eruzione 0-0: Ball
1-0: Foul Ball, location: 2F
1-1: Called Strike
1-2: Strikes out swinging
Batting: RHB Anastasio Movonda 0-0: Ball
1-0: Swinging Strike
1-1: Hit by Pitch
Bob Lazzeri to second
Pitching: RHP António Mata
Batting: RHB Jeff Jones 0-0: Ball
1-0: Foul Ball, location: 2F
1-1: Ball
2-1: Called Strike
2-2: Foul Ball, location: 2F
2-2: Ball
3-2: SINGLE (Line Drive, 9LS)
Bob Lazzeri to third
Anastasio Movonda to second
Bob Lazzeri scores
Anastasio Movonda to third
Batting: LHB Jim Clemente 0-0: Called Strike
0-1: SINGLE (Line Drive, 8RS)
Anastasio Movonda scores
Jeff Jones to second
Batting: RHB Roberto Cardona 0-0: Called Strike
0-1: Ground out 6-3 (Groundball, 6)
Bottom of the 4th over - 2 runs, 3 hits, 0 errors, 2 left on base; Waba 1 - Indiana 5
TOP OF THE 5TH
Waba Ducks batting - Pitching for Indiana Hounds : RHP Alvin Heath
Batting: LHB Fernando Cruz 0-0: Ball
1-0: Ball
2-0: SINGLE (Groundball, 4D)
Batting: RHB Don Keating 0-0: Foul Ball, location: 2F
0-1: Ball
1-1: Ball
2-1: SINGLE (Line Drive, 56D)
Fernando Cruz to second
Batting: LHB Daniel Carter 0-0: Swinging Strike
0-1: Called Strike
0-2: Ball
1-2: Ball
2-2: Strikes out swinging
Batting: RHB Félix Quintero 0-0: Swinging Strike
0-1: Ball
1-1: Foul Ball, location: 2F
1-2: Ground out 4-3 (Groundball, 4S)
Fernando Cruz to third
Don Keating to second
Batting: RHB Tomás Díaz 0-0: Ball
1-0: Ball
2-0: Ball
3-0: Base on Balls
Batting: RHB Jeremy Flemming 0-0: Ball
1-0: Called Strike
1-1: SINGLE (Line Drive, 8LS)
Fernando Cruz scores
Don Keating to third
Tomás Díaz to second
Runner from 3rd tries for Home, throw and OUT!
Top of the 5th over - 1 run, 3 hits, 0 errors, 2 left on base; Waba 2 - Indiana 5
BOTTOM OF THE 5TH
Indiana Hounds batting - Pitching for Waba Ducks : RHP António Mata
Batting: RHB Víctor Márquez 0-0: Ball
1-0: Ball
2-0: Ball
3-0: Called Strike
3-1: Called Strike
3-2: SINGLE (Groundball, 5D)
Batting: RHB Jessie Thompson 0-0: Called Strike
0-1: Swinging Strike
0-2: 2-RUN HOME RUN (Flyball, 7LD), Distance : 334 ft
Batting: RHB Bob Lazzeri 0-0: Swinging Strike
0-1: Ball
1-1: Ball
2-1: Foul Ball, location: 2F
2-2: Foul Ball, location: 2F
2-2: Ball
3-2: Ground out 5-3 (Groundball, 5)
Batting: LHB Mario Álvarez 0-0: Called Strike
0-1: Fly out, F8 (Flyball, 78XD)
Batting: RHB Remi Eruzione 0-0: Called Strike
0-1: Foul Ball, location: 2F
0-2: Ball
1-2: Ball
2-2: Ball
3-2: SINGLE (Groundball, 6D)
Batting: RHB Anastasio Movonda 0-0: Ball
1-0: Fly out, F4 (Line Drive, 4)
Bottom of the 5th over - 2 runs, 3 hits, 0 errors, 1 left on base; Waba 2 - Indiana 7
TOP OF THE 6TH
Waba Ducks batting - Pitching for Indiana Hounds : RHP Alvin Heath
Batting: RHB Paul Spencer 0-0: Ball
1-0: Ball
2-0: Fly out, F3 (Line Drive, 34)
Batting: LHB Javier Orozco 0-0: Ball
1-0: Ball
2-0: Swinging Strike
2-1: Ball
3-1: Called Strike
3-2: Strikes out looking
Batting: RHB Ángelo García 0-0: Called Strike
0-1: Ball
1-1: Ball
2-1: Called Strike
2-2: Ball
3-2: Foul Ball, location: 2F
3-2: Strikes out looking
Top of the 6th over - 0 runs, 0 hits, 0 errors, 0 left on base; Waba 2 - Indiana 7
BOTTOM OF THE 6TH
Indiana Hounds batting - Pitching for Waba Ducks : RHP António Mata
Batting: RHB Jeff Jones 0-0: Ball
1-0: Ball
2-0: SINGLE (Flyball, 7S)
Batting: LHB Jim Clemente 0-0: Called Strike
0-1: Called Strike
0-2: Ball
1-2: Ball
2-2: Ball
3-2: SINGLE (Flyball, 89S)
Jeff Jones to second
Batting: RHB Roberto Cardona 0-0: Called Strike
0-1: Ball
1-1: Ball
2-1: Swinging Strike
2-2: Grounds into double play, 4-6-3 (Groundball, 4D)
Jeff Jones to third
Batting: RHB Víctor Márquez 0-0: Foul Ball, location: 2F
0-1: Ball
1-1: Fly out, F7 (Line Drive, 78D)
Bottom of the 6th over - 0 runs, 2 hits, 0 errors, 1 left on base; Waba 2 - Indiana 7
TOP OF THE 7TH
Waba Ducks batting - Pitching for Indiana Hounds : RHP Alvin Heath
Batting: LHB Fernando Cruz 0-0: Ball
1-0: Foul Ball, location: 2F
1-1: SINGLE (Line Drive, 6MD)
Batting: RHB Don Keating 0-0: Called Strike
0-1: Called Strike
0-2: Strikes out swinging
Batting: LHB Daniel Carter 0-0: Foul Ball, location: 2F
0-1: Foul Ball, location: 2F
0-2: Foul Ball, location: 2F
0-2: Ball
1-2: Foul Ball, location: 2F
1-2: Ball
2-2: SINGLE (Line Drive, 8RS)
Fernando Cruz to second
Batting: RHB Félix Quintero 0-0: Called Strike
0-1: Called Strike
0-2: Ball
1-2: Ball
2-2: Ball
3-2: Fly out, F9 (Flyball, 9D)
Runner from 2nd tags up, SAFE at 3rd with throw
Batting: RHB Tomás Díaz 0-0: Ball
1-0: Ball
2-0: Fly out, F9 (Flyball, 89S)
Top of the 7th over - 0 runs, 2 hits, 0 errors, 2 left on base; Waba 2 - Indiana 7
BOTTOM OF THE 7TH
Indiana Hounds batting - Pitching for Waba Ducks : RHP António Mata
Batting: RHB Jessie Thompson 0-0: Called Strike
0-1: Called Strike
0-2: Foul Ball, location: 2F
0-2: Ball
1-2: Ball
2-2: Ball
3-2: Base on Balls
Pitching: RHP Sergio Torres
Batting: RHB Bob Lazzeri 0-0: Called Strike
0-1: Swinging Strike
0-2: Ball
1-2: Grounds into double play, 4-6-3 (Groundball, 4)
Batting: LHB Mario Álvarez 0-0: Called Strike
0-1: Ball
1-1: Called Strike
1-2: Strikes out looking
Bottom of the 7th over - 0 runs, 0 hits, 0 errors, 0 left on base; Waba 2 - Indiana 7
TOP OF THE 8TH
Waba Ducks batting - Pitching for Indiana Hounds : RHP Alvin Heath
Pitching: LHP Tatsui Tanaka
Batting: RHB Jeremy Flemming 0-0: Called Strike
0-1: Foul Ball, location: 2F
0-2: SINGLE (Line Drive, 4MD)
Batting: RHB Paul Spencer 0-0: Swinging Strike
0-1: Ball
1-1: Foul Ball, location: 2F
1-2: Ball
2-2: Strikes out swinging
Batting: LHB Javier Orozco 0-0: Ball
1-0: Called Strike
1-1: Swinging Strike
1-2: Ball
2-2: Ball
3-2: Base on Balls
Jeremy Flemming to second
Batting: RHB Ángelo García 0-0: Ball
1-0: Ball
2-0: Fly out, F3 (Line Drive, 34)
Batting: LHB Fernando Cruz 0-0: Called Strike
0-1: Ground out 3-1 (Groundball, 34)
Top of the 8th over - 0 runs, 1 hit, 0 errors, 2 left on base; Waba 2 - Indiana 7
BOTTOM OF THE 8TH
Indiana Hounds batting - Pitching for Waba Ducks : RHP Sergio Torres
Batting: RHB Remi Eruzione 0-0: Ball
1-0: Ball
2-0: Swinging Strike
2-1: Foul Ball, location: 2F
2-2: Foul Ball, location: 2F
2-2: Strikes out looking
Batting: RHB Anastasio Movonda 0-0: Ball
1-0: Ground out 1-3 (Groundball, 13)
Batting: RHB Jeff Jones 0-0: Foul Ball, location: 2F
0-1: Ball
1-1: Ball
2-1: SINGLE (Line Drive, 4MD)
Batting: LHB Jim Clemente 0-0: Called Strike
0-1: Ground out U3 (Groundball, 34S)
Bottom of the 8th over - 0 runs, 1 hit, 0 errors, 1 left on base; Waba 2 - Indiana 7
TOP OF THE 9TH
Waba Ducks batting - Pitching for Indiana Hounds : LHP Tatsui Tanaka
Batting: RHB Don Keating 0-0: Foul Ball, location: 2F
0-1: Ball
1-1: Called Strike
1-2: Foul Ball, location: 2F
1-2: Ball
2-2: Ball
3-2: Base on Balls
Batting: LHB Daniel Carter 0-0: Ball
1-0: Called Strike
1-1: Foul Ball, location: 2F
1-2: Strikes out swinging
Batting: RHB Félix Quintero 0-0: Swinging Strike
0-1: Ball
1-1: Swinging Strike
1-2: Foul Ball, location: 2F
1-2: Ball
2-2: Foul Ball, location: 2F
2-2: Ball
3-2: Foul Ball, location: 2F
3-2: Foul Ball, location: 2F
3-2: Strikes out swinging
Throwing error on steal attempt, E2
Don Keating to third
Batting: RHB Tomás Díaz 0-0: Foul Ball, location: 2F
0-1: Ball
1-1: Ball
2-1: Ball
3-1: Called Strike
3-2: Base on Balls
Batting: RHB Jeremy Flemming 0-0: Ball
1-0: Ball
2-0: Ball
3-0: Called Strike
3-1: Foul Ball, location: 2F
3-2: Foul Ball, location: 2F
3-2: Foul Ball, location: 2F
3-2: Base on Balls
Tomás Díaz to second
Pitching: LHP Edwin King
Batting: RHB Paul Spencer 0-0: Called Strike
0-1: Foul Ball, location: 2F
0-2: Ball
1-2: Strikes out swinging
Top of the 9th over - 0 runs, 0 hits, 1 error, 3 left on base; Waba 2 - Indiana 7
Saturday, December 16th, 2017 - OOTP Baseball 18.8 Build 76